 Dungeon Crawl Stone Soup version 0.26-a0-1012-gedcf9b2963 (webtiles) character file.

Game seed: 15077699718270975559

83 Ijustatesigmund the Chopper (level 4, -1/31 HPs)
             Began as an Octopode Fighter on Dec 7, 2020.
             Slain by a centaur
             ... wielding a cursed -3 shortbow
              (3 damage)
             ... on level 3 of the Dungeon.
             The game lasted 00:02:49 (2289 turns).

Ijustatesigmund the Chopper (Octopode Fighter)      Turns: 2289, Time: 00:02:50

Health: -1/31      AC:  1    Str: 15    XL:     4   Next: 44%
Magic:  4/4        EV: 11    Int: 10    God:
Gold:   192        SH:  8    Dex: 12    Spells: 3/3 levels left

rFire    . . .     SeeInvis .   a - +0 war axe
rCold    . . .     Faith    .   b - +0 kite shield
rNeg     . . .     Spirit   .   (helmet restricted)
rPois    .         Reflect  .   (no amulet)
rElec    .         Harm     .   (no ring)
rCorr    .         Rampage  .   (no ring)
Will     .....                  (no ring)
Stlth    ++........             (no ring)
HPRegen  0.10/turn              (no ring)
MPRegen  0.09/turn              (no ring)
                                (no ring)
                                (no ring)

@: no status effects
A: almost no armour, stealthy swim, amphibious, 8 rings, constrict 8, camouflage
1, gelatinous body 1
a: no special abilities


You were on level 3 of the Dungeon.
You visited 1 branch of the dungeon, and saw 3 of its levels.

You collected 192 gold pieces.

Inventory:

Hand Weapons
 a - a +0 war axe (weapon)
Missiles
 g - 18 poisoned darts (quivered)
Armour
 b - a +0 kite shield (worn)
Scrolls
 c - a scroll of blinking {unknown}
 h - a scroll of identify {unknown}
 i - a scroll of amnesia {unknown}
 j - a scroll of enchant armour {unknown}
Potions
 e - 2 potions of attraction


   Skills:
 - Level 3.0 Fighting
 + Level 4.5 Axes
 - Level 3.0 Dodging
 - Level 3.0 Shields


You had 3 spell levels left.
You didn't know any spells.
Your spell library was empty.

Dungeon Overview and Level Annotations

Branches:
Dungeon (3/15)

Altars:
Makhleb
Uskayaw
Wu Jian


Innate Abilities, Weirdness & Mutations

You cannot wear most types of armour.
You are very stealthy in the water. (Stealth+)
You are amphibious.
You can wear up to eight rings at the same time.
You can use your tentacles to constrict eight enemies at once.
Your skin changes colour to match your surroundings (Stealth+).
Your rubbery body absorbs attacks. (AC +1, EV +1)


Message History

* * * LOW HITPOINT WARNING * * *
You bump into the rock wall.
The bat hits you.
* * * LOW HITPOINT WARNING * * *
The centaur hits you with a cursed -3 shortbow.
* * * LOW HITPOINT WARNING * * *
The kobold barely misses you.
You feel better.
You feel less invigorated.
The centaur hits you with a cursed -3 shortbow!
* * * LOW HITPOINT WARNING * * *
You block the bat's attack.
The kobold hits you with a cursed -2 club.
* * * LOW HITPOINT WARNING * * *
The centaur closely misses you.
You closely miss the centaur.
The centaur is moderately wounded.
You hit the bat.
You kill the bat!
You closely miss the kobold.
The centaur hits you with a cursed -3 shortbow.
You die...

## ......... ## ..
......... #.# #.
......... #.#
.....[..... #.####
.#........ ####.##.#
.......# ##
#.##.##.# #.#..# .#
#.##.##.####cK..# .#
##..........(@†.##
.# #..##.##.####...#
.#
#...................
.#
#..#..##.#####..##.#
.###†.......# #... #
.....###.##.# .#..
####.# #.##.# .##.#
#.# #(##.# .# !# ###
#..


You could see a centaur and a kobold.

Vanquished Creatures
  2 adders
  A worm (D:2)
  3 dart slugs
  A leopard gecko (D:2)
  5 orcs
  3 ball pythons
  6 bats
  2 giant cockroaches (D:2)
  9 goblins
  4 hobgoblins
  5 kobolds (D:1)
  A quokka (D:2)
  3 frilled lizards
  5 rats
50 creatures vanquished.

Notes
Turn   | Place    | Note
-------+----------+-------------------------------------------
     0 | D:1      | Ijustatesigmund the Octopode Fighter began the quest for
                  | the Orb.
     0 | D:1      | Reached XP level 1. HP: 16/16 MP: 1/1
   343 | D:1      | Reached XP level 2. HP: 19/21 MP: 2/2
   609 | D:1      | Reached skill level 3 in Axes
   949 | D:2      | Reached XP level 3. HP: 11/26 MP: 3/3
  1230 | D:2      | Found a burning altar of Makhleb.
  1230 | D:2      | Found a hide-covered altar of Uskayaw.
  1231 | D:2      | Found an ornate altar of the Wu Jian Council.
  1571 | D:2      | Reached skill level 4 in Axes
  1905 | D:2      | Reached XP level 4. HP: 31/31 MP: 4/4
  2275 | D:3      | Noticed a centaur
  2289 | D:3      | Slain by a centaur

Illustrated notes

Levels and vault maps discovered:
D:1:      nzn_arrival_settlement, layout_loops_ring
D:2:      layout_basic, chequers_temple_overflow_statue_of_worship,
          hangedman_feature_mirror, minmay_heptomino_l4
D:3:      layout_basic

Skill      XL: |  1  2  3 |
---------------+----------+-----
Axes           | 3 4 |  4.5
Fighting       | |  3.0
Dodging        | |  3.0
Shields        | |  3.0

Action                   |  1- 3 |  4- 6 || total
-------------------------+-------+-------++-------
Melee: War axe           |    59 |    31 ||    90
       Constrict         |    17 |     5 ||    22
       Tentacles         |     8 |     3 ||    11
  Use: Potion            |     3 |     2 ||     5
       Scroll            |     2 |       ||     2
 Stab: Sleeping          |     7 |       ||     7
Armor: Skin              |     7 |     6 ||    13
Dodge: Dodged            |    26 |    29 ||    55
Block: Kite shield       |    22 |    21 ||    43

Table legend: (Time is in decaauts)
 A = Elapsed time spent in this place.
 B = Non-inter-level travel time spent in this place.
 C = Inter-level travel time spent in this place.
 D = Time resting spent in this place.
 E = Time spent auto-exploring this place.
 F = Levels seen in this place.
 G = Mean time per level.
                   A        B        C        D        E       F      G
               +--------+--------+--------+--------+--------+-----+--------+
         Total |   2326 |   2292 |     34 |    549 |   1445 |   3 |  775.3 |
       Dungeon |   2326 |   2292 |     34 |    549 |   1445 |   3 |  775.3 |
               +--------+--------+--------+--------+--------+-----+--------+

Top non-repeatable levels by time:
     D:2: 1191 daAuts
     D:1: 862 daAuts
     D:3: 272 daAuts
